 Dungeon Crawl Stone Soup version 0.19-a0-1047-g4b671ad (webtiles) character file.

46 Kaname the Bolt Thrower (level 3, -2/24 HPs)
             Began as a High Elf Wanderer on July 31, 2016.
             Slain by Terence
             ... wielding a +1 flail of crushing
              (3 damage)
             ... on level 2 of the Dungeon.
             The game lasted 00:10:43 (1625 turns).

Kaname the Bolt Thrower (High Elf Wanderer)         Turns: 1625, Time: 00:10:44

Health: -2/24      AC:  3    Str: 13    XL:     3   Next: 44%
Magic:  7/7        EV: 11    Int: 18    God:
Gold:   115        SH:  0    Dex: 11    Spells: 2 memorised, 2 levels left

rFire  . . .     SeeInvis .     b - +0 hand crossbow
rCold  . . .     Gourm    .     e - +0 robe
rNeg   . . .     Faith    .     (no shield)
rPois  .         Spirit   .     (no helmet)
rElec  .         Dismiss  .     (no cloak)
rCorr  .         Reflect  .     (no gloves)
SustAt .         Harm     .     m - +0 pair of boots
MR     .....                    (no amulet)
Stlth  +.........               (no ring)
                                (no ring)

@: not resistant to hostile enchantments, very unstealthy
A: no striking features
a: no special abilities


You were on level 2 of the Dungeon.
You were hungry.

You visited 1 branch of the dungeon, and saw 2 of its levels.

You collected 115 gold pieces.

Inventory:

Hand Weapons
 b - a +0 hand crossbow (weapon)
 g - a +0 hunting sling of velocity
 k - a +0 short sword of flaming
 q - a +0 falchion
Missiles
 c - 60 bolts (quivered)
Armour
 e - a +0 robe (worn)
 m - a +0 pair of boots (worn)
Scrolls
 d - 2 scrolls of teleportation
 h - a scroll of random uselessness {unknown}
 i - 2 scrolls of identify {unknown}
Potions
 l - a potion of flight {unknown}
 o - a potion of lignification {unknown}
Books
 a - a Young Poisoner's Handbook

   Spells                             Type                      Level
   a - Sting                          Conjuration/Poison           1
   b - Mephitic Cloud                 Conjuration/Poison/Air       3
   c - Olgreb's Toxic Radiance        Poison                       4
   d - Alistair's Intoxication        Transmutation/Poison         5
   e - Venom Bolt                     Conjuration/Poison           5
Comestibles
 f - 5 bread rations
 j - a slice of pizza
 p - a meat ration


   Skills:
 - Level 2.0 Fighting
 + Level 0.0 Long Blades
 - Level 3.0 Crossbows
 - Level 2.0 Throwing
 - Level 2.4 Spellcasting
 + Level 2.2 Conjurations
 - Level 2.1 Poison Magic


You had 2 spell levels left.
You knew the following spells:

 Your Spells              Type           Power        Failure   Level  Hunger
a - Sting                 Conj/Pois      ##..         10%         1    #......
b - Mephitic Cloud        Conj/Pois/Air  #.......     30%         3    ###....


Dungeon Overview and Level Annotations

Branches:
Dungeon (2/15)

Altars:
Makhleb
The Shining One

Annotations:
D:2 Terence


Message History

* * * LOW HITPOINT WARNING * * *
x2
Items here: ! $ ( ) ? [
There is an open door here.
Terence screams, "I'm going to kill you!"
Terence hits you but does no damage.
There is an open door here.
You see here a stone.
You see here a club.
There is a stone staircase leading up, spattered with blood here.
All of the chunks of flesh in your inventory have rotted away.
You climb upwards.
There is a stone staircase leading down here.
Okay, then.
You start resting.
Magic restored.
You climb downwards.
Level annotation: Terence Terence hits you with a flail of crushing!
* * * LOW HITPOINT WARNING * * *
You die...

### ############## #@#
.............# #@#
############.###.# #...#.#
###.#.# #.#.# #.#.#
##############.#(################
.................................


You could see Terence.

Vanquished Creatures
  An adder (D:2)
  A worm (D:2)
  A dart slug (D:1)
  A giant gecko (D:2)
  A ball python (D:2)
  A giant cockroach (D:1)
  A goblin (D:2)
  7 hobgoblins
  6 kobolds
  4 bats (D:1)
  3 giant newts (D:1)
  2 rats (D:1)
29 creatures vanquished.

Notes
Turn   | Place    | Note
-------+----------+-------------------------------------------
     0 | D:1      | Kaname the High Elf Wanderer began the quest for the Orb.
     0 | D:1      | Kaname set off with: a Young Poisoner's Handbook, a +0 hand crossbow, 26 bolts, a scroll of teleportation, a +0 robe, a bread ration
     0 | D:1      | Reached XP level 1. HP: 14/14 MP: 4/4
     8 | D:1      | Learned a level 1 spell: Sting
   361 | D:1      | Reached XP level 2. HP: 19/19 MP: 4/6
   365 | D:1      | Reached skill level 1 in Conjurations
   630 | D:1      | Found a glowing golden altar of the Shining One.
  1166 | D:2      | Reached XP level 3. HP: 24/24 MP: 2/7
  1254 | D:2      | Learned a level 3 spell: Mephitic Cloud
  1454 | D:2      | Found a burning altar of Makhleb.
  1555 | D:2      | Noticed Terence
  1625 | D:2      | HP: 1/24 [Terence/flail of crushing (8)]
  1625 | D:2      | Slain by Terence

Vault maps used:
D:1:      lemuel_arrival_river_passageway, tso_metal_star
D:2:      lemuel_doored_altar, tgw_fedhas, uniq_terence

Skill      XL: |  1  2  3 |
---------------+----------+-----
Conjurations   | 2 |  2.2
Poison Magic   | 2 |  2.1
Fighting       | |  2.0
Crossbows      | |  3.0
Throwing       | |  2.0
Spellcasting   | |  2.4

Action                   || total
-------------------------++-------
 Fire: Hand crossbow     ||    17
 Cast: Sting             ||    52
  Eat: Chunk             ||     2
Armor: Robe              ||     6
Dodge: Dodged            ||    18
